 Dungeon Crawl Stone Soup version 0.31-a0-965-g8a8ce12e04 (webtiles) character file.

Game seed: 11555312197933067662

27683 Newt the Markskobold (level 13, -32/72 HPs)
             Began as a Kobold Hunter on Oct 26, 2023.
             Was an Elder of Hepliaklqana.
             Hit by a large rock thrown by a stone giant (45 damage)
             ... on level 15 of the Dungeon.
             The game lasted 00:19:11 (13954 turns).

Newt the Markskobold (Kobold Hunter)               Turns: 13954, Time: 00:19:12

Health: -32/72     AC:  8    Str: 14    XL:     13   Next: 67%
Magic:  19/19      EV: 23    Int: 11    God:    Hepliaklqana [****..]
Gold:   769        SH:  0    Dex: 23    Spells: 18/20 levels left

rFire   . . .        a - +3 shortbow (drain)
rCold   + . .        (shield currently unavailable)
rNeg    . . .        G - +0 steam dragon scales
rPois   .            (no helmet)
rElec   .            e - scarf {repulsion}
rCorr   .            (no gloves)
SInv    .            r - +2 pair of boots
Will    .....        h - amulet of regeneration
Stlth   ++++++       s - +6 ring of strength
HPRegen 1.12/turn    n - ring of protection from cold
MPRegen 0.16/turn

%: repel missiles
@: no status effects
A: reduced essence, small, no large weapons, nightstalker 3
a: Renounce Religion, Recall Ancestor, Ancestor Identity, Transference, Idealise


You were on level 15 of the Dungeon.
You worshipped Hepliaklqana.
Hepliaklqana was greatly pleased with you.
You visited 2 branches of the dungeon, and saw 16 of its levels.

You collected 811 gold pieces.
You spent 42 gold pieces at shops.

Inventory:

Hand Weapons
 a - a +3 shortbow of draining (weapon)
Missiles
 u - a throwing net
Armour
 c - a +1 leather armour
 e - a scarf of repulsion (worn)
 r - a +2 pair of boots (worn)
 G - +0 steam dragon scales (worn)
Jewellery
 f - a ring of wizardry
 h - an amulet of regeneration (around neck)
 n - a ring of protection from cold (right hand)
 s - a +6 ring of strength (left hand)
 H - an amulet of reflection
 L - an amulet of faith
Wands
 y - a wand of flame (4)
 D - a wand of roots (10)
 F - a wand of charming (14)
 N - a wand of polymorph (6)
Scrolls
 b - a scroll of butterflies
 g - a scroll of enchant armour
 j - a scroll of poison
 l - 3 scrolls of amnesia
 m - a scroll of noise
 x - 2 scrolls of revelation
 A - 3 scrolls of fog
 C - 5 scrolls of teleportation
 I - a scroll of enchant weapon
 J - 2 scrolls of identify
 O - 2 scrolls of silence
 P - a scroll of summoning
Potions
 d - 6 potions of might
 i - 3 potions of resistance
 k - 2 potions of mutation
 o - 2 potions of haste
 p - 3 potions of enlightenment
 q - 4 potions of cancellation
 t - 2 potions of ambrosia
 v - 2 potions of degeneration
 w - 3 potions of curing
 z - 2 potions of lignification
 B - a potion of brilliance
 E - a potion of attraction
 K - a potion of heal wounds


   Skills:
 - Level 9.0 Fighting
 - Level 19.0 Ranged Weapons
 - Level 10.0 Dodging
 - Level 9.0 Stealth
 - Level 4.4 Spellcasting
 - Level 4.5 Transmutations
 + Level 4.7 Invocations
 - Level 9.6 Evocations


You had 18 spell levels left.
You knew the following spells:

 Your Spells              Type           Power      Damage    Failure   Level
a - Wereblood             Tmut           12%        N/A       5%          2

Your spell library contained the following spells:

 Spells                   Type           Power      Damage    Failure   Level
 Passwall                 Tmut/Erth      5%         N/A       14%         2
 Freeze                   Ice            8%         1d3       22%         1
 Kiss of Death            Conj/Necr      8%         2d6       22%         1
 Sandblast                Erth           4%         2d4       22%         1
 Ensorcelled Hibernation  Hex/Ice        4%         N/A       34%         2
 Confusing Touch          Hex            2%         N/A       56%         3
 Dazzling Flash           Conj/Hex       4%         N/A       56%         3
 Frozen Ramparts          Ice            4%         1d1       56%         3
 Hailstorm                Conj/Ice       2%         3d3       56%         3
 Inner Flame              Hex/Fire       2%         N/A       56%         3
 Stone Arrow              Conj/Erth      4%         3d7       56%         3
 Swiftness                Air            2%         N/A       56%         3
 Tukima's Dance           Hex            2%         N/A       56%         3
 Brom's Barrelling Bould  Conj/Erth      2%         2d3       92%         4
 Dimensional Bullseye     Hex/Tloc       1%         N/A       92%         4
 Dispel Undead            Necr           2%         3d7       92%         4
 Flame Wave               Conj/Fire      2%         2d4       92%         4
 Iskenderun's Mystic Bla  Conj/Tloc      2%         2d3       92%         4
 Sticky Flame             Conj/Fire      2%         2d3       92%         4
 Irradiate                Conj/Tmut      3%         3d12      94%         5
 Agony                    Necr           2%         N/A       99%         5
 Silence                  Hex/Air        1%         N/A       99%         5
 Summon Forest            Summ/Tloc      1%         N/A       99%         5
 Summon Mana Viper        Hex/Summ       2%         N/A       99%         5
 Summon Cactus Giant      Summ           1%         N/A       100%        6


Dungeon Overview and Level Annotations

Branches:
Dungeon (15/15)            Temple (1/1) D:4            Lair (0/5) D:9
    Orc (0/2) D:10         Vaults (0/5) D:14         Depths (0/4) D:15

Altars:
Ashenzari
Cheibriados
Dithmenos
Elyvilon
Fedhas
Gozag
Hepliaklqana
Kikubaaqudgha
Makhleb
Nemelex Xobeh
Okawaru
Qazlal
Ru
Sif Muna
Trog
Uskayaw
Vehumet
Wu Jian
Xom
Yredelemnul
Zin
The Shining One

Shops:
D:7 *   D:14 *

Annotations:
D:3 2 runed translucent doors
D:5 2 transporters
D:13 2 transporters


Innate Abilities, Weirdness & Mutations

Your life essence is reduced to manifest your ancestor. (-10% HP)
You are small and have problems with some larger weapons.
You are completely attuned to the shadows.


Message History

The stone giant is moderately wounded.
You shoot an arrow.
The arrow hits the stone giant but does no damage.
The stone giant is moderately wounded.
The stone giant hits you!!
Xiloxoch hits the stone giant with a +0 flail!
You shoot an arrow.
The arrow hits the stone giant but does no damage.
The stone giant is heavily wounded.
The stone giant hits you!
You are too injured to fight recklessly!
Unknown command.
Xiloxoch hits the stone giant with a +0 flail!
Xiloxoch blocks the stone giant's attack.
Fire: a) +3 shortbow (drain)
Press: ? - help, Shift-Dir - straight line, f/p - stone giant
Aim: a stone giant, quivering large rocks (heavily wounded, not watching you, ally target, 93% to hit)
You shoot an arrow. The arrow hits the stone giant!
You drain the stone giant.
The stone giant is severely wounded.
Unknown command.
The stone giant throws a large rock.
The large rock closely misses you.
Fire: a) +3 shortbow (drain)
Press: ? - help, Shift-Dir - straight line, f/p - stone giant
Aim: a stone giant, quivering large rocks (severely wounded, lightly drained, ally target, 93% to hit)
You shoot an arrow.
The arrow hits the stone giant but does no damage.
The stone giant is severely wounded.
Xiloxoch hits the stone giant with a +0 flail!
The stone giant throws a large rock.
The large rock hits you!!
* * * LOW HITPOINT WARNING * * *
Fire: a) +3 shortbow (drain)
Press: ? - help, Shift-Dir - straight line, f/p - stone giant
Aim: a stone giant, quivering large rocks (almost dead, lightly drained, ally target, 93% to hit)
You shoot an arrow.
The arrow hits the stone giant but does no damage.
The stone giant is almost dead.
Xiloxoch hits the stone giant but does no damage.
The stone giant throws a large rock.
The large rock hits you!!!
Ouch! That really hurt!
You die...

####..#......#
###..#....).#
#....#......#
####'####......#
#≈≈...≈≈###'#####
#≈..#..≈#.......#
#.#.#.#.#..####.##
#.≈.≈.≈.#..# #...
#@≈...≈.#..# #...
#.≈...≈.#..# #...
#.#####.#..# #...
#C# .. #..# #..#
#R#.>. #..####...
#.'... #.........
###### ##########


You could see the friendly Xiloxoch the knight and a stone giant (drained, ally
target).

Vanquished Creatures
  A hydra (D:8)
  3 two-headed ogres
  3 centaur warriors
  A tengu warrior (D:15)
  Amaemon (D:11)
  10 skeletal warriors
  Lodul (D:11)
  A deep elf pyromancer (D:14)
  2 ugly things (D:12)
  2 manticores
  A cyclops (D:14)
  3 gargoyles
  3 trolls
  2 hornets
  2 dream sheep (D:8)
  A vampire (D:12)
  6 yaks
  A wraith (D:13)
  A wyvern (D:10)
  A steam dragon (D:9)
  4 vampire mosquitoes
  Menkaure (D:6)
  An acid dragon (D:11)
  4 orc warriors
  An ice beast (D:6)
  A sky beast (D:7)
  A black bear (D:4)
  4 ogres (D:10)
  13 centaurs
  A phantom (D:6)
  5 kobold brigands
  A bullfrog (D:8)
  A gnoll sergeant (D:10)
  4 scorpions
  5 wights (D:10)
  10 killer bees
  An electric eel (D:10)
  6 howler monkeys
  6 orc priests
  2 gnoll boudas (D:5)
  2 hounds
  4 jellies
  Terence (D:3)
  2 iguanas (D:5)
  8 orc wizards
  15 gnolls
  7 adders
  A shadow imp (D:8)
  2 white imps
  5 ufetubi (D:6)
  3 dart slugs
  44 orcs
  2 bats (D:2)
  9 endoplasms
  3 giant cockroaches
  8 goblins
  7 hobgoblins
  9 jackals
  25 kobolds
  7 quokkas
  9 ball pythons
  2 frilled lizards
  4 rats
297 creatures vanquished.

Vanquished Creatures (collateral kills)
  A rakshasa (D:15)
  An ogre mage (D:14)
  A boulder beetle (D:13)
  Maurice (D:11)
  An orange demon (D:11)
  A gargoyle (D:12)
  Maggie (D:9)
  A yaktaur (D:15)
  A wind drake (shapeshifter) (D:15)
  3 yaks (D:12)
  A basilisk (D:14)
  A vampire mosquito (D:12)
  2 ogres
  A centaur (D:14)
  A kobold brigand (D:8)
  2 bullfrogs
  A gnoll sergeant (D:12)
  3 killer bees
  A howler monkey (D:11)
  A hound (D:7)
  3 orc priests
  An iguana (D:6)
  4 orc wizards
  An adder (D:6)
  3 gnolls
  A shadow imp (D:6)
  10 orcs
  A kobold (D:8)
50 creatures vanquished.

Vanquished Creatures (others)
  A vampire mosquito (D:13)
  8 knights
9 creatures vanquished.

Grand Total: 356 creatures vanquished

Notes
Turn   | Place    | Note
-------+----------+-------------------------------------------
     0 | D:1      | Newt the Kobold Hunter began the quest for the Orb.
     0 | D:1      | Reached XP level 1. HP: 12/12 MP: 1/1
    87 | D:1      | Reached XP level 2. HP: 18/18 MP: 2/2
   343 | D:1      | Reached XP level 3. HP: 23/24 MP: 3/3
   947 | D:2      | Reached XP level 4. HP: 30/30 MP: 4/4
  1267 | D:2      | Found a faded altar of an unknown god.
  1303 | D:2      | Reached skill level 5 in Fighting
  1554 | D:2      | Reached XP level 5. HP: 35/35 MP: 5/5
  1635 | D:3      | Found a large runed translucent door.
  1635 | D:3      | Found a large runed translucent door.
  1913 | D:3      | Reached skill level 6 in Ranged Weapons
  2323 | D:3      | Noticed Terence
  2336 | D:3      | Killed Terence
  2888 | D:4      | Reached skill level 7 in Ranged Weapons
  2888 | D:4      | Reached XP level 6. HP: 30/40 MP: 6/6
  2949 | D:4      | Noticed a black bear
  2957 | D:4      | Killed a black bear
  2958 | D:4      | Reached skill level 8 in Ranged Weapons
  2994 | D:4      | Found a staircase to the Ecumenical Temple.
  3020 | Temple   | Entered the Ecumenical Temple
  3076 | Temple   | Became a worshipper of Hepliaklqana the Forgotten
  3532 | D:5      | Entered Level 5 of the Dungeon
  3639 | D:5      | Reached XP level 7. HP: 44/44 MP: 7/7
  3660 | D:5      | Found a transporter.
  3744 | D:5      | Found a transporter.
  3761 | D:5      | Reached skill level 9 in Ranged Weapons
  4020 | D:5      | Reached skill level 10 in Ranged Weapons
  4151 | D:5      | Reached XP level 8. HP: 49/49 MP: 8/8
  4180 | D:5      | Reached * piety under Hepliaklqana
  4664 | D:6      | Reached skill level 5 in Dodging
  4931 | D:6      | Noticed Menkaure
  4937 | D:6      | Killed Menkaure
  5069 | D:6      | Reached skill level 11 in Ranged Weapons
  5410 | D:7      | Reached ** piety under Hepliaklqana
  5411 | D:7      | Remembered your ancestor Xiloxoch as a knight
  5429 | D:7      | Noticed a troll
  5435 | D:7      | Killed a troll
  5436 | D:7      | Reached skill level 12 in Ranged Weapons
  5436 | D:7      | Reached XP level 9. HP: 48/48 MP: 9/9
  5436 | D:7      | Found Emusan's CLEARANCE SALE!.
  5448 | D:7      | Bought a scroll of blinking for 30 gold pieces
  5448 | D:7      | Bought a scroll of teleportation for 12 gold pieces
  5593 | D:7      | Reached skill level 13 in Ranged Weapons
  6209 | D:8      | Reached skill level 14 in Ranged Weapons
  6315 | D:8      | Found a blossoming altar of Fedhas.
  6568 | D:8      | Reached XP level 10. HP: 57/57 MP: 10/10
  6574 | D:8      | Noticed a three-headed hydra
  6586 | D:8      | Killed a three-headed hydra
  6666 | D:8      | Reached skill level 5 in Stealth
  6752 | D:8      | Noticed a gargoyle
  6763 | D:8      | Killed a gargoyle
  6894 | D:9      | Reached skill level 5 in Evocations
  7117 | D:9      | Noticed Maggie
  7129 | D:9      | Killed Maggie
  7306 | D:9      | Found a staircase to the Lair.
  7712 | D:10     | Entered Level 10 of the Dungeon
  7892 | D:10     | Reached XP level 11. HP: 63/63 MP: 11/11
  8134 | D:10     | Found a staircase to the Orcish Mines.
  8366 | D:10     | Reached skill level 10 in Dodging
  8682 | D:10     | Reached *** piety under Hepliaklqana
  8957 | D:11     | Noticed Lodul
  9259 | D:11     | Killed Lodul
  9260 | D:11     | Reached skill level 15 in Ranged Weapons
  9455 | D:11     | Noticed Maurice
  9466 | D:11     | Killed Maurice
  9467 | D:11     | Reached skill level 16 in Ranged Weapons
  9476 | D:11     | Noticed Amaemon
  9488 | D:11     | Killed Amaemon
  9619 | D:11     | You fall into a shaft and drop 1 floor!
  9996 | D:12     | Reached skill level 17 in Ranged Weapons
 10003 | D:12     | Reached XP level 12. HP: 68/68 MP: 10/12
 10135 | D:12     | Noticed a skeletal warrior
 10136 | D:12     | Noticed a skeletal warrior
 10149 | D:12     | Noticed a skeletal warrior
 10176 | D:12     | Killed a skeletal warrior
 10179 | D:12     | Killed a skeletal warrior
 10180 | D:12     | Reached skill level 18 in Ranged Weapons
 10223 | D:12     | Killed a skeletal warrior
 10518 | D:12     | Noticed a skeletal warrior
 10539 | D:12     | Killed a skeletal warrior
 10540 | D:12     | Reached skill level 19 in Ranged Weapons
 10683 | D:12     | Noticed a two-headed ogre
 10696 | D:12     | Killed a two-headed ogre
 10804 | D:12     | Reached **** piety under Hepliaklqana
 11113 | D:13     | Found a transporter.
 11115 | D:13     | Found a transporter.
 11172 | D:13     | Noticed a centaur warrior
 11185 | D:13     | Killed a centaur warrior
 11201 | D:13     | Noticed a boulder beetle
 11227 | D:13     | Killed a boulder beetle
 11459 | D:13     | Noticed a skeletal warrior
 11461 | D:13     | Noticed a centaur warrior
 11487 | D:13     | Killed a skeletal warrior
 11670 | D:13     | Noticed a skeletal warrior
 11689 | D:13     | Killed a skeletal warrior
 11699 | D:13     | HP: 1/68 [centaur warrior/arrow (13)]
 11703 | D:13     | Killed a centaur warrior
 11704 | D:13     | Reached XP level 13. HP: 27/72 MP: 10/13
 12182 | D:14     | Found Zin's Purification Station.
 12182 | D:14     | Found a glowing silver altar of Zin.
 12186 | D:14     | Learned a level 2 spell: Wereblood
 12201 | D:14     | Noticed an ogre mage
 12207 | D:14     | Killed an ogre mage
 12208 | D:14     | Reached skill level 1 in Spellcasting
 12208 | D:14     | Reached skill level 1 in Transmutations
 12214 | D:14     | Noticed a centaur warrior
 12237 | D:14     | HP: 1/72 [skeletal warrior/+0 long sword (20)]
 13215 | D:14     | Killed a centaur warrior
 13230 | D:14     | Found a gate to the Vaults.
 13324 | D:14     | Reached skill level 1 in Invocations
 13348 | D:14     | Identified the +1 ring mail "Ukuisyw" {Harm rF+}
 13683 | D:15     | Entered Level 15 of the Dungeon
 13771 | D:15     | Noticed a rakshasa
 13777 | D:15     | Killed a rakshasa
 13842 | D:15     | Found a sacrificial altar of Ru.
 13938 | D:15     | Found a staircase to the Depths.
 13938 | D:15     | Noticed a stone giant
 13954 | D:15     | Hit by a large rock thrown by a stone giant

Illustrated notes

Levels and vault maps discovered:
D:1:      minmay_arrival_doors, layout_loops_ring
D:2:      layout_loops_ring, chequers_ecumenical_altar_simple,
          kennysheep_generic_room_10
D:3:      minmay_general_purpose_star, layout_loops_ring,
          ebering_ghost_disaster_area, nicolae_kite_square_tiling_tiny,
          grunt_decor_cap, dreamdust_princess_corridor, minmay_misc_feat_five,
          minmay_misc_feat_cross, grunt_decor_clamped,
          kennysheep_big_empty_room, uniq_terence
D:4:      layout_basic, minmay_temple_entry_overgrown
D:5:      gammafunk_wand_slinger, layout_loops_corners
D:6:      layout_basic, serial_demonic, serial_demonic_b, serial_demonic_d,
          serial_demonic_a, serial_demonic_b, uniq_menkaure
D:7:      layout_gridville, nicolae_shop_clearance
D:8:      layout_rooms, mainiacjoe_overflow_chevrons, st_stairs_4,
          hangedman_ranch
D:9:      layout_basic, lair_entry_dummy, serial_bayou_ford_a, uniq_maggie
D:10:     lemuel_flame_loot_2, layout_basic, hiddenorc2_lemuel,
          nicolae_tricolors
D:11:     layout_rooms, uniq_amaemon, uniq_lodul, uniq_maurice
D:12:     layout_loops_ring
D:13:     gammafunk_jiyva_shrine, layout_basic
D:14:     layout_roguey, david_vaults_2, kennysheep_decorative_pillar,
          zin_purify
D:15:     grunt_enter_depths_snipers, layout_stronghold,
          nicolae_ru_sacrificial_ziggurat, minmay_misc_feat_nine_boxes,
          chequers_arboretum, nicolae_hepliaklqana_monster_ancestors,
          uniq_jorgrun, uniq_azrael, uniq_agnes
Temple:   mainiacjoe_temple_starburst

Skill      XL: |  1  2  3  4  5  6  7  8  9 10 11 12 13 |
---------------+----------------------------------------+-----
Fighting       | 3 4 5 7 9 |  9.0
Ranged Weapons | 7 8 10 12 14 17 19 | 19.0
Dodging        | 4 6 8 10 | 10.0
Stealth        | 5 9 |  9.0
Evocations     | 6 8 9 |  9.6
Spellcasting   | 4 |  4.4
Transmutations | 4 |  4.5
Invocations    | 4 |  4.7

Action                     |  1- 3 |  4- 6 |  7- 9 | 10-12 | 13-15 || total
---------------------------+-------+-------+-------+-------+-------++-------
   Fire: Shortbow          |    75 |   161 |   310 |   707 |   241 ||  1494
 Invoke: Ancestor Life: Kn |       |       |     1 |       |       ||     1
         Recall Ancestor   |       |       |     1 |     5 |       ||     6
         Transference      |       |       |       |     1 |       ||     1
  Evoke: Wand              |       |       |       |     7 |     3 ||    10
    Use: Scroll            |     7 |     7 |     5 |     6 |     5 ||    30
         Potion            |       |     1 |     1 |     5 |     1 ||     8
 Armour: Leather armour    |    16 |    35 |    60 |    30 |       ||   141
         Steam dragon scal |       |       |       |    88 |    62 ||   150
  Dodge: Dodged            |    31 |    60 |    97 |   217 |   118 ||   523
         Repelled          |       |       |     1 |     3 |     1 ||     5

Table legend: (Time is in decaauts)
 A = Elapsed time spent in this place.
 B = Non-inter-level travel time spent in this place.
 C = Inter-level travel time spent in this place.
 D = Time resting spent in this place.
 E = Time spent auto-exploring this place.
 F = Levels seen in this place.
 G = Mean time per level.
                   A        B        C        D        E       F      G
               +--------+--------+--------+--------+--------+-----+--------+
         Total |  13674 |  13167 |    507 |   1569 |   9624 |  16 |  854.6 |
       Dungeon |  13563 |  13165 |    398 |   1569 |   9624 |  15 |  904.2 |
        Temple |    110 |      1 |    109 |      0 |      0 |   1 |  110.0 |
               +--------+--------+--------+--------+--------+-----+--------+

Top non-repeatable levels by time:
    D:10: 1475 daAuts
    D:12: 1465 daAuts
    D:13: 1262 daAuts
     D:3: 1166 daAuts
     D:5: 1057 daAuts
     D:9: 898 daAuts
    D:14: 888 daAuts
     D:2: 832 daAuts
     D:1: 827 daAuts
     D:7: 801 daAuts
     D:6: 745 daAuts
    D:11: 636 daAuts
     D:4: 630 daAuts
     D:8: 616 daAuts
    D:15: 258 daAuts
